AoeStats
← [RZ] HardZeeiRa-BR

Arabia

508684262Analyzed
1v1 RM · 8d ago on Sep 23, 2026· 47m 1s· 2 players
Game mode
Random Map
Map size
Tiny (2 player)
Population
200
Speed
Normal
Resources
Standard
Victory
Conquest
Starting age
Dark Age
Ending age
Imperial Age
RankedLock teamsTeams togetherTeam positionsShared explorationLock speedFull tech treeHidden civsTurbo modeCheats
Victory
Defeat
🇪🇸 Spanish · Spain
1207
+17
🇧🇷 Franks · Brazil
1232
-17
Aloxen
6:17 Loom
11:28 Feudal Age
13:10 Double-Bit Axe
13:53 Horse Collar
16:01 Wheelbarrow
17:59 Town Watch
20:47 Castle Age
21:48 Bow Saw
22:16 Heavy Plow
25:34 Fortified Wall
31:32 Hand Cart
32:31 Masonry
34:59 Imperial Age
33:27 Gold Mining
33:28 Stone Mining
34:38 Scale Barding Armor
34:44 Forging
35:39 Husbandry
35:49 Bloodlines
36:28 Conscription
35:58 Cavalier
38:02 Chain Barding Armor
38:17 Iron Casting
37:18 Pikeman
37:59 Squires
37:44 Arson
38:44 Paladin
40:34 Plate Barding Armor
41:00 Blast Furnace
43:51 Fletching
44:02 Padded Archer Armor
[RZ] HardZeeiRa-BR
5:59 Loom
8:53 Feudal Age
10:52 Double-Bit Axe
15:19 Wheelbarrow
20:16 Castle Age
19:16 Scale Barding Armor
19:40 Gold Mining
20:04 Forging
21:18 Husbandry
21:48 Chain Barding Armor
24:46 Bow Saw
27:04 Stone Mining
34:28 Imperial Age
33:16 Fletching
34:02 Iron Casting
34:50 Bodkin Arrow
35:43 Light Cavalry
35:44 Cavalier
36:01 Cavalier
39:47 Chemistry
39:37 Plate Barding Armor
40:54 Blast Furnace
40:11 Pikeman
41:14 Squires
41:26 Scale Mail Armor
40:59 Paladin
42:15 Conscription
44:17 Herbal Medicine
Connection lost

Rejoining the realm…

Still unreachable

The connection could not be restored.

Session expired

The server has moved on; the page needs a fresh start.